 Dungeon Crawl Stone Soup version 0.29.1-2-gbd0b4ee654 (webtiles) character file.

Game seed: 5173041755424420528

206 Groucho the Ducker (level 5, -1/25 HPs)
             Began as a Felid Berserker on Nov 17, 2022.
             Was a Believer of Trog.
             Slain by an orc
             ... wielding a +0 short sword
              (6 damage)
             ... on level 4 of the Dungeon.
             The game lasted 00:05:53 (4516 turns).

Groucho the Ducker (Felid Berserker)                Turns: 4516, Time: 00:05:53

Health: -1/25      AC:  1    Str: 15    XL:     5   Next: 53%
Magic:  6/6        EV: 19    Int:  9    God:    Trog [**....]
Gold:   222        SH:  0    Dex: 15    Spells: 4/4 levels left
                                        Lives:  0   Deaths: 1

rFire   . . .      SeeInvis +     - Unarmed
rCold   . . .      Faith    .   (shield unavailable)
rNeg    . . .      Spirit   .   (body armour unavailable)
rPois   .          Reflect  .   (helmet unavailable)
rElec   .          Harm     .   (cloak unavailable)
rCorr   .          Rampage  .   (gloves unavailable)
Will    .....                   (boots unavailable)
Stlth   +++.......              (no amulet)
HPRegen 0.08/turn               (no ring)
MPRegen 0.10/turn               (no ring)

@: studying Unarmed Combat, quick
A: very small, claws 1, fangs 3, see invisible, speed 1, shaggy fur 1, stealthy
paws, no weapons or thrown items, no armour, multi-lived
a: Renounce Religion, Berserk, Trog's Hand


You were on level 4 of the Dungeon.
You worshipped Trog.
Trog was pleased with you.
You visited 1 branch of the dungeon, and saw 4 of its levels.

You collected 222 gold pieces.

Inventory:

Scrolls
 a - a scroll of immolation {unknown}
 b - a scroll of noise
 c - 4 scrolls of identify {unknown}
 d - a scroll of vulnerability {unknown}
 e - a scroll of torment {unknown}
 h - a scroll of butterflies {unknown}
 i - 2 scrolls of amnesia {unknown}
 j - a scroll of summoning {unknown}
 l - a scroll of brand weapon {unknown}
 m - a scroll of magic mapping {unknown}


   Skills:
 + Level 4.0 Fighting
 + Level 5.4 Dodging
 * Level 5.3 Stealth
 + Level 4.8 Unarmed Combat


You had 4 spell levels left.
You didn't know any spells.
Your spell library was empty.

Dungeon Overview and Level Annotations

Branches:
Dungeon (4/15)
 Temple: D:4-7

Altars:


Innate Abilities, Weirdness & Mutations

You have sharp claws.
You have razor-sharp teeth.
You have supernaturally acute eyesight. (SInv)
You cover ground quickly. (Speed+)
You are covered in fur. (AC +1)
Your paws help you pounce on unaware monsters.
You are incapable of wielding weapons or throwing items.
You cannot wear armour.
You gain extra lives every three experience levels.


Message History

a +0 mace; an orc corpse The orc shouts!
The endoplasm hits you but does no damage.
You claw the endoplasm!
You kill the endoplasm!
Trog accepts your kill.
Things that are here:
a +0 club; an orc skeleton The orc misses you.
Found an escape hatch in the floor.
The orc misses you.
You closely miss the orc. The orc hits you but does no damage.
You scratch the orc.
The orc is severely wounded.
The orc hits you with a +0 trident!
You closely miss the orc. Your claw misses the orc.
The orc is severely wounded.
The orc misses you.
You scratch the orc.
The orc is almost dead.
The orc misses you.
You closely miss the orc.
The orc is almost dead.
The orc hits you with a +0 trident.
You scratch the orc.
You kill the orc!
Trog accepts your kill.
You barely miss the orc. The orc misses you.
You scratch the orc.
The orc is heavily wounded.
The orc hits you with a +0 flail! The orc misses you.
You are too injured to fight recklessly!
You are too injured to fight recklessly!
You are too injured to fight recklessly!
You are too injured to fight recklessly!
You scratch the orc. Your bite misses the orc.
The orc is moderately wounded.
The orc hits you with a +0 flail.
* * * LOW HITPOINT WARNING * * *
The orc hits you with a +0 short sword.
You die...

............
####..............>.....
#..................o....
###.......................
.[.........................
...........................
+#####......................
...###......o.....>
....##.....@o...... .
.....#......#...... #
#....#...)..##..... #
##...'.......# .... .
###..#..)..#.......
.###.#.)...##..##..
..####(.##..#..# # .
...###..<.....## .
....##.)†#......# .


You could see 2 orcs.

Vanquished Creatures
  2 hounds
  An orc priest (D:4)
  Crazy Yiuf (D:2)
  An iguana (D:4)
  2 orc wizards (D:4)
  An adder (D:3)
  A worm (D:3)
  3 dart slugs
  11 orcs
  4 ball pythons
  6 endoplasms
  7 goblins
  5 hobgoblins
  6 kobolds
  2 quokkas
  6 bats
  3 frilled lizards (D:1)
  8 rats
70 creatures vanquished.

Vanquished Creatures (others)
  An orc (D:4)
1 creature vanquished.

Grand Total: 71 creatures vanquished

Notes
Turn   | Place    | Note
-------+----------+-------------------------------------------
     0 | D:1      | Groucho the Felid Berserker began the quest for the Orb.
     0 | D:1      | Reached XP level 1. HP: 10/10 MP: 2/2
   316 | D:1      | Reached skill level 1 in Stealth
   488 | D:1      | Reached XP level 2. HP: 13/14 MP: 3/3
  1416 | D:2      | Reached XP level 3. HP: 17/17 MP: 4/4
  1462 | D:2      | Reached ** piety under Trog
  1618 | D:2      | Found a faded altar of an unknown god.
  1792 | D:2      | Found a runed translucent door.
  1793 | D:2      | Noticed Crazy Yiuf
  2091 | D:2      | Killed Crazy Yiuf
  2916 | D:2      | Reached XP level 4. HP: 20/21 MP: 5/5
  3735 | D:4      | Reached skill level 5 in Dodging
  3735 | D:4      | Reached XP level 5. HP: 14/25 MP: 6/6
  3738 | D:4      | HP: 1/25 [adder (4)]
  3743 | D:3      | Slain by an adder
  3744 | D:3      | Reached XP level 4. HP: -2/22 MP: 5/5
  3848 | D:4      | Reached XP level 5. HP: 25/25 MP: 6/6
  3853 | D:4      | Reached skill level 5 in Stealth
  3929 | D:4      | HP: 1/25 [orc/iceblast (13)]
  4516 | D:4      | Slain by an orc

Illustrated notes

Levels and vault maps discovered:
D:1:      lemuel_arrival_room, layout_basic
D:2:      layout_rooms, serial_aquarium, aquarium_bridge_straight
          [aquarium_subvault_bridge, aquarium_subvault_balcony,
          aquarium_subvault_bridge, aquarium_subvault_window],
          aquarium_bridge_island_small [aquarium_subvault_small_open,
          aquarium_subvault_wall, aquarium_subvault_bridge,
          aquarium_subvault_wall, aquarium_subvault_bridge], aquarium_window_1,
          aquarium_window_1, aquarium_window_fake, aquarium_view_2d,
          aquarium_balcony_1b, aquarium_pool_four, basic_ecumenical_altar,
          uniq_crazy_yiuf_cottage
D:3:      layout_loops_ring, columned_hall_lemuel, chequers_decorated_corner
D:4:      layout_cave_pools, tgw_sif, minmay_quadrilaterals, uniq_grinder

Skill      XL: |  1  2  3  4  5 |
---------------+----------------+-----
Stealth        | 1 2 3 4 5 |  5.3
Unarmed Combat | 4 |  4.8
Dodging        | 5 |  5.4
Fighting       | 4 |  4.0

Action                   |  1- 3 |  4- 6 || total
-------------------------+-------+-------++-------
Melee: Unarmed           |    94 |    71 ||   165
       Bite              |     4 |     4 ||     8
       Punch             |       |     2 ||     2
Invok: Trog's Hand       |     1 |     2 ||     3
       Berserk           |     1 |       ||     1
  Use: Scroll            |       |     1 ||     1
       Potion            |       |     6 ||     6
 Stab: Sleeping          |     7 |     5 ||    12
       Distracted        |     1 |       ||     1
Armor: Skin              |     4 |     4 ||     8
Dodge: Dodged            |    61 |    54 ||   115
